ESL (28 & UNDER)
RIO GRANDE RATTLESNAKE @ READING RAINBOWS
07/08/2030
 
TOP OF THE 1ST
Rio Grande Rattlesnake batting - Pitching for Reading Rainbows : RHP Archie King
Pitching: RHP Archie King
Batting: LHB Alberto Roberts 0-0: Called Strike
0-1: Ball
1-1: Ball
2-1: SINGLE (Groundball, 6MD)
Batting: RHB Matt Dickson 0-0: Ball
1-0: Foul Ball, location: 2F
1-1: Called Strike
1-2: SINGLE (Groundball, 4MD)
Alberto Roberts to second
Batting: RHB Jeff Bane 0-0: Called Strike
0-1: Called Strike
0-2: Ball
1-2: SINGLE (Groundball, 2L) (infield hit)
Alberto Roberts to third
Matt Dickson to second
Batting: LHB Claudio Rodríguez 0-0: Swinging Strike
0-1: Ball
1-1: SINGLE (Groundball, 56D)
Alberto Roberts scores
Matt Dickson to third
Jeff Bane to second
Batting: RHB Gary Thomas 0-0: Foul Ball, location: 2F
0-1: Ball
1-1: Foul Ball, location: 2F
1-2: Foul Ball, location: 2F
1-2: Ball
2-2: Strikes out swinging
Batting: SHB Arnold Moore 0-0: Ball
1-0: Ball
2-0: Called Strike
2-1: Foul Ball, location: 2F
2-2: Strikes out swinging
Batting: RHB David Suarze 0-0: Ball
1-0: Ground out 6-3 (Groundball, 6)
Top of the 1st over - 1 run, 4 hits, 0 errors, 3 left on base; Rio Grande 1 - Reading 0
BOTTOM OF THE 1ST
Reading Rainbows batting - Pitching for Rio Grande Rattlesnake : RHP Neil Snow
Pitching: RHP Neil Snow
Batting: LHB Ismael Barajas 0-0: Swinging Strike
0-1: Ball
1-1: Ball
2-1: Ground out 6-3 (Groundball, 6)
Batting: RHB José Moreno 0-0: Called Strike
0-1: Ground out 4-3 (Groundball, 34D)
Batting: LHB Víctor Peña 0-0: Ball
1-0: Foul Ball, location: 2F
1-1: Ball
2-1: Ball
3-1: DOUBLE (Line Drive, 9LM)
Batting: RHB Ethan Moore 0-0: Foul Ball, location: 2F
0-1: Fly out, F8 (Line Drive, 8RS)
Bottom of the 1st over - 0 runs, 1 hit, 0 errors, 1 left on base; Rio Grande 1 - Reading 0
TOP OF THE 2ND
Rio Grande Rattlesnake batting - Pitching for Reading Rainbows : RHP Archie King
Batting: LHB Pedro Díaz 0-0: Ball
1-0: Called Strike
1-1: Foul Ball, location: 2F
1-2: Foul Ball, location: 2F
1-2: Ball
2-2: Foul Ball, location: 2F
2-2: Ball
3-2: Fly out, F8 (Flyball, 8RS)
Batting: RHB Derek Hartman 0-0: Swinging Strike
0-1: Ball
1-1: Foul Ball, location: 2F
1-2: Strikes out swinging passed ball, reaches first!
Batting: LHB Alberto Roberts 0-0: Called Strike
0-1: Called Strike
0-2: Ball
1-2: Foul Ball, location: 2F
1-2: SINGLE (Line Drive, 9S)
Derek Hartman to second
Runner from 2nd tries for 3rd, SAFE, no throw
Batting: RHB Matt Dickson 0-0: Ball
1-0: Ball
2-0: Fly out, F9 (Flyball, 9LSF)
Runner from 3rd tags up, SCORES, no throw
Batting: RHB Jeff Bane 0-0: Foul Ball, location: 2F
0-1: Ball
1-1: Ground out 4-3 (Groundball, 4)
Top of the 2nd over - 1 run, 1 hit, 0 errors, 1 left on base; Rio Grande 2 - Reading 0
BOTTOM OF THE 2ND
Reading Rainbows batting - Pitching for Rio Grande Rattlesnake : RHP Neil Snow
Batting: RHB Edmund Swanson 0-0: Ball
1-0: Ball
2-0: Fly out, F3 (Popup, 3S)
Batting: LHB Ramón Morán 0-0: Ball
1-0: Ball
2-0: Ball
3-0: Called Strike
3-1: Called Strike
3-2: Base on Balls
Batting: RHB Richard Case 0-0: Ball
1-0: Ball
2-0: Called Strike
2-1: Foul Ball, location: 2F
2-2: SINGLE (Line Drive, 7S)
Ramón Morán to second
Batting: SHB Johnny Jackson 0-0: Ball
1-0: Called Strike
1-1: Foul Ball, location: 2F
1-2: Ball
2-2: Foul Ball, location: 2F
2-2: Foul Ball, location: 2F
2-2: Fly out, F6 (Popup, 6D)
Batting: RHB Jesús Chávez 0-0: Called Strike
0-1: DOUBLE (Groundball, 5L)
Ramón Morán scores
Richard Case to third
Batting: LHB Ismael Barajas 0-0: Ball
1-0: Foul Ball, location: 2F
1-1: Ball
2-1: Foul Ball, location: 2F
2-2: Ball
3-2: Base on Balls
Batting: RHB José Moreno 0-0: Swinging Strike
0-1: Ground out 3-1 (Groundball, 34)
Bottom of the 2nd over - 1 run, 2 hits, 0 errors, 3 left on base; Rio Grande 2 - Reading 1
TOP OF THE 3RD
Rio Grande Rattlesnake batting - Pitching for Reading Rainbows : RHP Archie King
Batting: LHB Claudio Rodríguez 0-0: Called Strike
0-1: Ball
1-1: Called Strike
1-2: Ball
2-2: Ball
3-2: Foul Ball, location: 2F
3-2: Foul Ball, location: 2F
3-2: Base on Balls
Batting: RHB Gary Thomas 0-0: Ball
1-0: Swinging Strike
1-1: Ball
2-1: Foul Ball, location: 2F
2-2: Foul Ball, location: 2F
2-2: Strikes out looking
Batting: SHB Arnold Moore 0-0: Ball
1-0: Ball
2-0: Ball
Wild Pitch!
Claudio Rodríguez to second
3-0: Called Strike
3-1: Base on Balls
Batting: RHB David Suarze 0-0: Ball
1-0: Ball
2-0: Ball
3-0: Called Strike
3-1: Foul Ball, location: 2F
3-2: Fly out, F3 (Popup, 34S)
Batting: LHB Pedro Díaz 0-0: Ball
1-0: Called Strike
1-1: Ball
2-1: Foul Ball, location: 2F
2-2: Ball
3-2: DOUBLE (Flyball, 8RXD)
Claudio Rodríguez scores
Arnold Moore to third
Arnold Moore scores
Batting: RHB Derek Hartman 0-0: Called Strike
0-1: Ball
1-1: Ball
2-1: Called Strike
2-2: Ground out 4-3 (Groundball, 4)
Top of the 3rd over - 2 runs, 1 hit, 0 errors, 1 left on base; Rio Grande 4 - Reading 1
BOTTOM OF THE 3RD
Reading Rainbows batting - Pitching for Rio Grande Rattlesnake : RHP Neil Snow
Batting: LHB Víctor Peña 0-0: Ball
1-0: Ball
2-0: Called Strike
2-1: Called Strike
2-2: Foul Ball, location: 2F
2-2: Strikes out swinging
Batting: RHB Ethan Moore 0-0: Swinging Strike
0-1: Ball
1-1: Foul Ball, location: 2F
1-2: Ball
2-2: Ball
3-2: Ground out 6-3 (Groundball, 6)
Batting: RHB Edmund Swanson 0-0: Ball
1-0: Ground out 5-3 (Groundball, 5)
Bottom of the 3rd over - 0 runs, 0 hits, 0 errors, 0 left on base; Rio Grande 4 - Reading 1
TOP OF THE 4TH
Rio Grande Rattlesnake batting - Pitching for Reading Rainbows : RHP Archie King
Batting: LHB Alberto Roberts 0-0: Fly out, F8 (Flyball, 8RXD)
Batting: RHB Matt Dickson 0-0: Ball
1-0: Ball
2-0: Called Strike
2-1: Ground out 5-3 (Groundball, 5L)
Batting: RHB Jeff Bane 0-0: Ball
1-0: Ground out 5-3 (Groundball, 25)
Top of the 4th over - 0 runs, 0 hits, 0 errors, 0 left on base; Rio Grande 4 - Reading 1
BOTTOM OF THE 4TH
Reading Rainbows batting - Pitching for Rio Grande Rattlesnake : RHP Neil Snow
Batting: LHB Ramón Morán 0-0: Ball
1-0: Foul Ball, location: 2F
1-1: Ball
2-1: SOLO HOME RUN (Line Drive, 9LD), Distance : 382 ft
Batting: RHB Richard Case 0-0: Ball
1-0: Called Strike
1-1: Ball
2-1: SINGLE (Line Drive, 6MD)
Batting: SHB Johnny Jackson 0-0: Ball
1-0: Ball
2-0: Ball
3-0: Called Strike
3-1: Called Strike
3-2: Strikes out swinging
Richard Case steals 2nd base
Batter strikes out.
Batting: RHB Jesús Chávez 0-0: Hit by Pitch
Batting: LHB Ismael Barajas 0-0: Ball
1-0: Called Strike
1-1: Ball
2-1: Called Strike
2-2: Grounds into double play, 6-4-3 (Groundball, 6)
Bottom of the 4th over - 1 run, 2 hits, 0 errors, 1 left on base; Rio Grande 4 - Reading 2
TOP OF THE 5TH
Rio Grande Rattlesnake batting - Pitching for Reading Rainbows : RHP Archie King
Batting: LHB Claudio Rodríguez 0-0: Ball
1-0: Called Strike
1-1: Ball
2-1: Called Strike
2-2: Strikes out swinging
Batting: RHB Gary Thomas 0-0: Called Strike
0-1: Swinging Strike
0-2: Ground out 4-3 (Groundball, 4D)
Batting: SHB Arnold Moore 0-0: Ball
1-0: Ball
2-0: Fly out, F8 (Flyball, 8LD)
Top of the 5th over - 0 runs, 0 hits, 0 errors, 0 left on base; Rio Grande 4 - Reading 2
BOTTOM OF THE 5TH
Reading Rainbows batting - Pitching for Rio Grande Rattlesnake : RHP Neil Snow
Batting: RHB José Moreno 0-0: Called Strike
0-1: Ground out 6-3 (Groundball, 6)
Batting: LHB Víctor Peña 0-0: Ball
1-0: Ball
2-0: Called Strike
2-1: Ball
3-1: Called Strike
3-2: Base on Balls
Batting: RHB Ethan Moore 0-0: Called Strike
0-1: DOUBLE (Line Drive, 7LM)
Víctor Peña to third
Runner from 3rd tries for Home, SAFE, no throw
Batting: RHB Edmund Swanson 0-0: Called Strike
0-1: Ball
1-1: Ball
2-1: SINGLE (Groundball, 6D)
Ethan Moore to third
Batting: LHB Ramón Morán 0-0: Foul Ball, location: 2F
0-1: Fielders Choice at 2nd, 5-4 (Groundball, 5L)
Ethan Moore scores
Batting: RHB Richard Case 0-0: Ball
1-0: Ball
2-0: Foul Ball, location: 2F
2-1: Fly out, F3 (Popup, 3SF)
Bottom of the 5th over - 2 runs, 2 hits, 0 errors, 1 left on base; Rio Grande 4 - Reading 4
TOP OF THE 6TH
Rio Grande Rattlesnake batting - Pitching for Reading Rainbows : RHP Archie King
Batting: RHB David Suarze 0-0: Ball
1-0: Ball
2-0: Ball
3-0: Called Strike
3-1: Ground out 6-3 (Groundball, 6)
Batting: LHB Pedro Díaz 0-0: Ball
1-0: Called Strike
1-1: Fly out, F8 (Flyball, 8LM)
Batting: RHB Derek Hartman 0-0: Swinging Strike
0-1: Ball
1-1: Foul Ball, location: 2F
1-2: Foul Ball, location: 2F
1-2: Ball
2-2: Strikes out looking
Top of the 6th over - 0 runs, 0 hits, 0 errors, 0 left on base; Rio Grande 4 - Reading 4
BOTTOM OF THE 6TH
Reading Rainbows batting - Pitching for Rio Grande Rattlesnake : RHP Neil Snow
Pitching: RHP Billy O'Neal
Batting: SHB Johnny Jackson 0-0: Ground out 6-3 (Groundball, 6)
Batting: RHB Jesús Chávez 0-0: Ball
1-0: Called Strike
1-1: Ground out 1-3 (Groundball, 15)
Batting: LHB Ismael Barajas 0-0: Fly out, F7 (Flyball, 7LSF)
Bottom of the 6th over - 0 runs, 0 hits, 0 errors, 0 left on base; Rio Grande 4 - Reading 4
TOP OF THE 7TH
Rio Grande Rattlesnake batting - Pitching for Reading Rainbows : RHP Archie King
Pitching: LHP Bill Parry
Pinch Hitting: RHB Steve Baird 0-0: Called Strike
0-1: Ball
1-1: Swinging Strike
1-2: Ball
2-2: Strikes out swinging
Batting: RHB Matt Dickson 0-0: Ball
1-0: Ball
2-0: Ball
3-0: Base on Balls
Batting: RHB Jeff Bane 0-0: Ball
1-0: Ball
2-0: Ball
3-0: Called Strike
3-1: Ground out 6-3 (Groundball, 6S)
Matt Dickson to second
Batting: LHB Claudio Rodríguez 0-0: Ground out U3 (Groundball, 3S)
Top of the 7th over - 0 runs, 0 hits, 0 errors, 1 left on base; Rio Grande 4 - Reading 4
BOTTOM OF THE 7TH
Reading Rainbows batting - Pitching for Rio Grande Rattlesnake : RHP Billy O'Neal
Now in CF: Doug Delaney
Batting: RHB José Moreno 0-0: Ball
1-0: Ball
2-0: Called Strike
2-1: Called Strike
2-2: Foul Ball, location: 2F
2-2: Foul Ball, location: 2F
2-2: Strikes out looking
Pitching: LHP António Rodríguez
Batting: LHB Víctor Peña 0-0: Ball
1-0: Called Strike
1-1: Ball
2-1: Foul Ball, location: 2F
2-2: Strikes out swinging
Pitching: RHP Julian Corbitt
Batting: RHB Ethan Moore 0-0: Called Strike
0-1: Called Strike
0-2: Ball
1-2: Foul Ball, location: 2F
1-2: Strikes out swinging
Bottom of the 7th over - 0 runs, 0 hits, 0 errors, 0 left on base; Rio Grande 4 - Reading 4
TOP OF THE 8TH
Rio Grande Rattlesnake batting - Pitching for Reading Rainbows : LHP Bill Parry
Batting: RHB Gary Thomas 0-0: Swinging Strike
0-1: Foul Ball, location: 2F
0-2: Ball
1-2: DOUBLE (Line Drive, 9D)
Pinch Hitting: RHB Paul Martin 0-0: Foul Ball, location: 2F
0-1: Foul Ball, location: 2F
0-2: Strikes out swinging
Batting: RHB David Suarze 0-0: Intentional Walk
Pinch Hitting: RHB José Méndez 0-0: Ball
1-0: Foul Ball, location: 2F
1-1: Foul Ball, location: 2F
1-2: Fly out, F9 (Flyball, 9)
Batting: RHB Derek Hartman 0-0: Called Strike
0-1: Ball
1-1: Ball
2-1: Foul Ball, location: 2F
2-2: Ball
3-2: SINGLE (Groundball, 56) (infield hit)
Gary Thomas to third
David Suarze to second
Batting: RHB Doug Delaney 0-0: Called Strike
0-1: Called Strike
0-2: Ball
1-2: Strikes out swinging
Top of the 8th over - 0 runs, 2 hits, 0 errors, 3 left on base; Rio Grande 4 - Reading 4
BOTTOM OF THE 8TH
Reading Rainbows batting - Pitching for Rio Grande Rattlesnake : RHP Julian Corbitt
Now at 2B: Carlos Guevara
Now in RF: William Daly
Batting: RHB Edmund Swanson 0-0: Foul Ball, location: 2F
0-1: Called Strike
0-2: Ball
1-2: Ground out 5-3 (Groundball, 56S)
Batting: LHB Ramón Morán 0-0: Ball
1-0: Ground out 5-3 (Groundball, 5)
Batting: RHB Richard Case 0-0: Ball
1-0: Swinging Strike
1-1: Ground out 5-3 (Groundball, 56)
Bottom of the 8th over - 0 runs, 0 hits, 0 errors, 0 left on base; Rio Grande 4 - Reading 4
TOP OF THE 9TH
Rio Grande Rattlesnake batting - Pitching for Reading Rainbows : LHP Bill Parry
Pitching: RHP Michael Bane
Batting: RHB Matt Dickson 0-0: Ball
1-0: Ball
2-0: Ball
3-0: Called Strike
3-1: Swinging Strike
3-2: Ground out 6-3 (Groundball, 6)
Batting: RHB Jeff Bane 0-0: Ball
1-0: Ball
2-0: Ball
3-0: Base on Balls
Batting: LHB Claudio Rodríguez 0-0: Swinging Strike
0-1: Ball
1-1: Foul Ball, location: 2F
1-2: Strikes out swinging
Pinch Hitting: LHB Justin Holland 0-0: Ball
1-0: Called Strike
Jeff Bane is caught stealing 2nd base
Top of the 9th over - 0 runs, 0 hits, 0 errors, 0 left on base; Rio Grande 4 - Reading 4
BOTTOM OF THE 9TH
Reading Rainbows batting - Pitching for Rio Grande Rattlesnake : RHP Julian Corbitt
Now at 3B: Juan Gonzáles
Batting: SHB Johnny Jackson 0-0: Ball
1-0: Ground out 4-3 (Groundball, 4)
Pinch Hitting: RHB Ron King 0-0: Called Strike
0-1: Foul Ball, location: 2F
0-2: Ball
1-2: Ball
2-2: Ball
3-2: Base on Balls
Pinch Runner at 1st Carlos Huerta:
Batting: LHB Ismael Barajas 0-0: Ball
1-0: Called Strike
1-1: Ball
2-1: Called Strike
2-2: Strikes out swinging
Batting: RHB José Moreno 0-0: Called Strike
0-1: Called Strike
0-2: Ball
1-2: Ground out U3 (Groundball, 34S)
Bottom of the 9th over - 0 runs, 0 hits, 0 errors, 1 left on base; Rio Grande 4 - Reading 4
TOP OF THE 10TH
Rio Grande Rattlesnake batting - Pitching for Reading Rainbows : RHP Michael Bane
Now at SS: Allen Hobbs
Batting: SHB Juan Gonzáles 0-0: Ball
1-0: SINGLE (Groundball, 34D)
Batting: RHB Carlos Guevara 0-0: Foul Ball, location: 2F
0-1: Foul Ball, location: 2F
0-2: Grounds into double play, 4-6-3 (Groundball, 4)
Batting: RHB David Suarze 0-0: Ball
1-0: Ball
2-0: Ball
3-0: Base on Balls
Batting: SHB William Daly 0-0: Called Strike
David Suarze steals 2nd base
0-1: Foul Ball, location: 2F
0-2: Strikes out swinging
Top of the 10th over - 0 runs, 1 hit, 0 errors, 1 left on base; Rio Grande 4 - Reading 4
BOTTOM OF THE 10TH
Reading Rainbows batting - Pitching for Rio Grande Rattlesnake : RHP Julian Corbitt
Pitching: LHP Manuel Encarnación
Batting: LHB Víctor Peña 0-0: Ball
1-0: SINGLE (Groundball, 34D)
Batting: RHB Ethan Moore 0-0: Ball
1-0: Called Strike
1-1: Ball
2-1: Ball
3-1: Base on Balls
Víctor Peña to second
Batting: RHB Edmund Swanson 0-0: Swinging Strike
0-1: Called Strike
0-2: Ball
1-2: Grounds into double play, 4-6-3 (Groundball, 4)
Víctor Peña to third
Batting: LHB Ramón Morán 0-0: Ball
1-0: Ball
2-0: Called Strike
2-1: SINGLE (Groundball, 34D)
Víctor Peña scores
Saturday, April 7th, 2018 - OOTP Baseball 18.8 Build 76